Unix NetHack Version 3.7.0-89 Work-in-progress - last build Sep 7 2023 15:16:41 (8494bff02b67719303c47e298deaa89034127798,branch:master). Game began 2023-09-10 23:30:14, ended 2023-09-10 23:37:22. Stella, lawful female human Knight . --.| |.G| ---@.| .|....| --- ....)... --.|-.....-- --.)|...)|.- |.....----. |<..--- ----- Stella the Esquire St:14 Dx:13 Co:12 In:7 Wi:17 Ch:18 Lawful Dlvl:6 $:8 HP:0(32) Pw:40(40) AC:7 Exp:4 T:1491 Latest messages: You have a little trouble lifting a chest. Continue? [ynq] (q) i - a food ration What do you want to drop? [$ace-kmo-qt-wzBC or ?*] What do you want to drop? [$acefh-kmo-qt-wzBC or ?*] The iguana bites! You miss it. You hit it. The iguana bites! You hit it. You kill the iguana! You kill the gnome! E - a lembas wafer. You kill the gnome! What do you want to adjust? [acefi-kmo-qt-wzBCE or ?*] Adjust letter to what [bdghlnq-sxyADF-Z] (? see used letters)? Swapping: e - a key. A gush of water hits your left arm! The gnome misses! You kill the gnome! You see here a bow. The gnome lord hits! You hit it. The gnome lord hits! You kill the gnome lord! The gnome hits! You miss it. You kill the gnome! You see here a partly used candle (lit). F - a partly used candle (lit). You feel tough! You must have been leading a healthy life-style. Your candle is getting short. You hit it. The gnome misses! You kill the gnome! G - a potion called conf. The gnome lord shoots 2 crossbow bolts! You are hit. You are hit! The gnome lord shoots 2 crossbow bolts! You are hit. You are hit. The gnome lord hits! You hit it. You hit it. The gnome lord hits! You miss it. The gnome lord hits! You die... Do you want to see the dungeon overview? [ynq] (y) Inventory: Coins $ - 8 gold pieces Weapons a - a blessed +1 long sword (weapon in hand) Armor p - a cursed -3 orcish helm (being worn) f - an uncursed +0 pair of leather gloves (being worn) C - an uncursed +0 pair of elven boots (being worn) q - an uncursed +0 small shield (being worn) c - a blessed very rusty +1 ring mail (being worn) Comestibles i - 2 uncursed food rations E - an uncursed lembas wafer Scrolls o - a blessed scroll of confuse monster u - 2 uncursed scrolls of light w - an uncursed scroll of remove curse z - an uncursed scroll of remove curse B - a blessed scroll of stinking cloud m - an uncursed scroll of teleportation v - a cursed scroll of teleportation Potions G - an uncursed potion of confusion t - an uncursed potion of levitation j - an uncursed potion of monster detection Tools e - an uncursed skeleton key F - an uncursed partly used tallow candle (lit) Gems/Stones k - an uncursed worthless piece of white glass Stella the Knight's attributes: Background: You were an Esquire, a level 4 female human Knight. You were lawful, nominally on a mission for Lugh who was opposed by Brigit (neutral) and Manannan Mac Lir (chaotic). You were in the Gnomish Mines, on level 6. You entered the dungeon 1491 turns ago. It was nighttime. You had 143 experience points, 17 more were needed to attain level 5. Basics: You had 0 out of 32 hit points. You had all 40 energy points (spell power). Your armor class was 7. Your wallet contained 8 zorkmids. Autopickup was on for '$?!/"=' plus thrown, with exceptions. Final Characteristics: Your strength was 14 (limit:18/100). Your dexterity was 13 (limit:18). Your constitution was 12 (limit:18). Your intelligence was 7 (limit:18). Your wisdom was 17 (limit:18). Your charisma was 18 (limit:18). Final Status: You were not hungry. You were unencumbered. You were wielding a long sword. You had basic skill with long sword. Final Attributes: You were devoutly aligned. You were stealthy. You could jump. You were warded. You are dead. Miscellaneous: You disabled loading of bones levels. Total elapsed playing time was 7 minutes and 8 seconds. Major events: Turn 1: Stella the lawful female human Knight entered the dungeon 1210: entered the Gnomish Mines 1221: attained the rank of Esquire (level 3) 1473: reached Mine Town 1491: killed by a gnome lord Vanquished creatures: a gnome leader a dwarf an iguana 12 gnomes a gecko a fox a kobold 2 goblins 2 sewer rats 5 grid bugs 5 newts 32 creatures vanquished. No species were genocided or became extinct. Voluntary challenges: You followed a strict vegan diet. You were an atheist. You read items or engraved 3 times. You never engraved Elbereth. You never had a pet. You never genocided any monsters. You never polymorphed an object. You never changed form. You used no wishes. Achievements: You entered a shop. You entered the Gnomish Mines. You attained the rank of Esquire. You entered Minetown. The Dungeons of Doom: levels 1 to 4 Level 1: Some altars. Level 2: Level 3: A general store. Stairs down to The Gnomish Mines. Level 4: The Gnomish Mines: levels 4 to 6 Level 4: Level 5: Level 6: <- You were here. Final resting place for you, killed by a gnome lord. Game over: ---------- / \ / REST \ / IN \ / PEACE \ / \ | Stella | | 8 Au | | killed by a | | gnome lord | | | | | | 2023 | *| * * * | * _________)/\\_//(\/(/\)/\//\/|_)_______ Fare thee well Stella the Knight... You died in The Gnomish Mines on dungeon level 6 with 840 points, and 8 pieces of gold, after 1491 moves. You were level 4 with a maximum of 32 hit points when you died.